 Dungeon Crawl Stone Soup version 0.29-a0-613-gf2c431b9b9 (webtiles) character file.

Game seed: 1276111813264117440

6 Patoropollo the Skirmisher (level 1, -1/24 HPs)
             Began as an Ogre Fighter on June 17, 2022.
             Slain by a jackal (3 damage)
             ... on level 1 of the Dungeon.
             The game lasted 00:00:49 (136 turns).

Patoropollo the Skirmisher (Ogre Fighter)            Turns: 136, Time: 00:00:50

Health: -1/24      AC:  3    Str: 19    XL:     1   Next: 90%
Magic:  1/1        EV:  8    Int:  9    God:
Gold:   13         SH:  7    Dex:  8    Spells: 0/0 levels left

rFire   . . .      SeeInvis .   a - +0 trident
rCold   . . .      Faith    .   c - +0 kite shield
rNeg    . . .      Spirit   .   b - +0 robe
rPois   .          Reflect  .   (helmet restricted)
rElec   .          Harm     .   (no cloak)
rCorr   .          Rampage  .   (gloves unavailable)
Will    .....                   (boots unavailable)
Stlth   +.........              (no amulet)
HPRegen 0.08/turn               (no ring)
MPRegen 0.07/turn               (no ring)

@: no status effects
A: large, unfitting armour, tough skin 1
a: no special abilities


You were on level 1 of the Dungeon.
You visited 1 branch of the dungeon, and saw 1 of its levels.

You collected 13 gold pieces.

Inventory:

Hand Weapons
 a - a +0 trident (weapon)
Armour
 b - a +0 robe (worn)
 c - a +0 kite shield (worn)
Scrolls
 e - a scroll of identify {unknown}
 g - a scroll of enchant weapon {unknown}
 h - a scroll of noise {unknown}
Potions
 d - a potion of might
 f - a potion of mutation {unknown}
 i - a potion of attraction {unknown}


   Skills:
 + Level 4.2 Fighting
 + Level 2.2 Polearms
 - Level 2.6 Dodging
 + Level 3.1 Shields


You couldn't memorise any spells.
You didn't know any spells.
Your spell library was empty.

Dungeon Overview and Level Annotations

Branches:
Dungeon (1/15)

Altars:


Innate Abilities, Weirdness & Mutations

You are too large for most types of armour.
You have tough skin. (AC +1)


Message History

You are too injured to fight recklessly!
You are too injured to fight recklessly!
The jackal bites you. The jackal attacks as you move away!
The jackal bites you but does no damage.
You open the large door.
The jackal bites you but does no damage.
The jackal bites you but does no damage.
There is a large open door here.
You are too injured to fight recklessly!
You are too injured to fight recklessly!
Reach: a) +0 trident
Press: ? - help, Dir - move target, f/p - jackal
Aim: a jackal (severely wounded, about 53% to evade your +0 trident)
You closely miss the jackal.
The jackal is severely wounded.
The jackal attacks as you move away! The jackal barely misses you.
Found 9 gold pieces and a spear.
There is a large open door here.
Reach: a) +0 trident
Press: ? - help, Dir - move target, f - jackal, p - jackal
Aim: a jackal (about 53% to evade your +0 trident)
You reach to attack!
You barely miss the jackal. The jackal barely misses you.
You hit the jackal but do no damage. The jackal closely misses you.
The jackal bites you but does no damage.
You block the jackal's attack.
You hit the jackal.
You kill the jackal!
The jackal bites you but does no damage. x2
The jackal bites you.
* * * LOW HITPOINT WARNING * * *
You closely miss the jackal. You block the jackal's attack.
The jackal closely misses you. You block the jackal's attack.
The jackal bites you.
* * * LOW HITPOINT WARNING * * *
You closely miss the jackal. The jackal barely misses you.
The jackal bites you.
* * * LOW HITPOINT WARNING * * *
The jackal bites you.
You die...

#.....# #. #.# #.....# #.
#.# #...†.# #. #.#
#.....##### #. #.#
..##....##...###.###.####
#......?h......#...#.....
......$).............####
..##...h##...#.###.#.###.
# #...h@h...#.###.#.##..
$......##...#...#.#.#.#8
.!.....+........)...# #≈
#.......####.........# #8
#......## #.........# #≈
.....) #.........#.#8
#.#### ####......##.. #.
#.####.#### #.# #.....


You could see 3 jackals.

Vanquished Creatures
  An endoplasm (D:1)
  A goblin (D:1)
  A jackal (D:1)
  A quokka (D:1)
  A kobold (D:1)
5 creatures vanquished.

Notes
Turn   | Place    | Note
-------+----------+-------------------------------------------
     0 | D:1      | Patoropollo the Ogre Fighter began the quest for the Orb.
     0 | D:1      | Reached XP level 1. HP: 24/24 MP: 1/1
    30 | D:1      | Found a faded altar of an unknown god.
   136 | D:1      | Slain by a jackal

Illustrated notes

Levels and vault maps discovered:
D:1:      lightli_arrival_statue_moat, layout_basic,
          ebering_ecumenical_altar_sacrificial, grunt_decor_one_mirror

Action                   || total
-------------------------++-------
Melee: Trident           ||    22
Armor: Robe              ||    10
Dodge: Dodged            ||    10
Block: Kite shield       ||    13

Table legend: (Time is in decaauts)
 A = Elapsed time spent in this place.
 B = Non-inter-level travel time spent in this place.
 C = Inter-level travel time spent in this place.
 D = Time resting spent in this place.
 E = Time spent auto-exploring this place.
 F = Levels seen in this place.
 G = Mean time per level.
                   A        B        C        D        E       F      G
               +--------+--------+--------+--------+--------+-----+--------+
         Total |    143 |    143 |      0 |      0 |     87 |   1 |  143.0 |
       Dungeon |    143 |    143 |      0 |      0 |     87 |   1 |  143.0 |
               +--------+--------+--------+--------+--------+-----+--------+

Top non-repeatable levels by time:
     D:1: 143 daAuts
